[Event "1st Festival Galdar 2024"]
[Site "?"]
[Date "2024.09.03"]
[Round "2.10"]
[White "Marrero Cardenes, Agustin"]
[Black "Movsziszian, Karen"]
[Result "0-1"]
[Annotator "TA"]
[ECO "A49"]
[WhiteElo "2111"]
[BlackElo "2444"]
[PlyCount "102"]
[EventDate "2024.09.02"]
[EventType "swiss"]
[SourceTitle "playchess.com"]
[Source "ChessBase"]
[SourceQuality "1"]
[TimeControl "5400+30"]

1. d4 d6 2. Nf3 Nf6 3. g3 g6 4. Bg2 Bg7 5. O-O O-O 6. b3 a5 7. Bb2 a4 8. b4 b5 9. Nfd2 d5 {[%emt 0:05:13] The position is equal.} 10. a3 (10. Na3 $11) 10... c6 $15 11. e4 dxe4 12. Nxe4 Nxe4 13. Bxe4 Qb6 14. c3 Nd7 15. Nd2 e5 16. Bg2 exd4 17. cxd4 Nf6 18. Rc1 Bd7 19. Nf3 Rfc8 20. Ne5 {[%emt 0:01:52] And now Rc5 would win.} Rc7 (20... Qb7 $1 $14) 21. Qd2 (21. Rc5 $16) 21... Rac8 $1 $14 22. Rc2 (22. Rc5 $14) 22... Bf5 $11 23. Rcc1 Be4 (23... Bd7 $11) 24. f3 (24. Bxe4 $1 $14 Nxe4 25. Qf4) 24... Bd5 $15 25. Rce1 Rd8 26. f4 Bxg2 27. Qxg2 Nd7 28. Nf3 Nf8 29. Ne5 ({White should play} 29. f5 $1 $11) 29... Ne6 30. Qf2 Rd5 ({Weaker is} 30... Nxd4 31. Rd1 Rcd7 32. Nxd7 Rxd7 33. Kh1 $18) 31. Rd1 Qa7 32. Rd2 f6 33. Nf3 Nd8 34. Re1 Re7 35. Rxe7 Qxe7 36. Re2 Qd7 37. Qe3 Kf7 {[%emt 0:00:24] Wards off Qe7+} 38. Kg2 Nb7 39. Rc2 ({White should try} 39. Qf2 $15) 39... Nd6 $17 40. Rc5 Nc4 $36 {[%emt 0:00:39][%mdl 2048] White is under strong pressure.} 41. Qc3 (41. Qe2 $142) 41... Bf8 42. Rxd5 Qxd5 43. Bc1 Bd6 44. Kf2 Bc7 {[%emt 0:00:28] Black has more active pieces.} 45. Be3 Bb6 46. Bc1 $2 {[%emt 0:00:55] [#]} (46. Nd2) 46... Qe4 $19 47. Bb2 {[%emt 0:00:35] White is weak on the light squares} Ke6 48. Bc1 Kd5 49. Be3 (49. Kf1) 49... Nxe3 {[%emt 0:01:03] Black is clearly winning.} 50. Qxe3 Bxd4 51. Nxd4 Qxd4 {[%emt 0:00:02] Weighted Error Value: White=0.49/Black=0.13 (very precise) .  Mistake:       	White=9     	Black=2      Inaccurate:     	White=6     	Black=5      OK:         	White=14    	Black=12     Best:        	---       	Black=4      Strong:       	---       	Black=1} 0-1

[Event "1st Festival Galdar 2024"]
[Site "?"]
[Date "2024.09.03"]
[Round "2.11"]
[White "Rakotomaharo, Fy Antenaina"]
[Black "Cruz Ramirez, Nauzet"]
[Result "1-0"]
[Annotator "TA"]
[ECO "B43"]
[WhiteElo "2440"]
[BlackElo "2059"]
[PlyCount "53"]
[EventDate "2024.09.02"]
[EventType "swiss"]
[SourceTitle "playchess.com"]
[Source "ChessBase"]
[SourceQuality "1"]
[TimeControl "5400+30"]

1. e4 c5 2. Nf3 e6 3. d4 cxd4 4. Nxd4 a6 5. a3 Nf6 6. Nc3 Qc7 7. f4 d6 8. Qf3 b5 9. g4 Bb7 (9... d5 $11) 10. Bd3 ({White should play} 10. g5 $16 Nfd7 11. h4) 10... Nc6 $11 11. Nxc6 Bxc6 12. g5 Nd7 13. Bd2 Qb7 14. b4 Nb6 15. f5 $36 {[%emt 0:02:31][%mdl 2048] White is pushing.} e5 (15... exf5 $11 {is superior.} 16. Qxf5 Nd7) 16. O-O {[%emt 0:03:01] White is more active.} O-O-O ({Better is} 16... h6 $14) 17. a4 $18 bxa4 {[%emt 0:09:15] [#]} (17... d5) 18. Qe2 Qc7 19. Bxa6+ Kb8 (19... Kd7 $142 20. Be3 Ke8 21. Nxa4 Nxa4) 20. Nb5 {[%emt 0:06:13] White is clearly winning.} Bxb5 21. Qxb5 d5 {[%emt 0:01:31] Black is weak on the light squares} 22. Rxa4 {[%emt 0:01:19] [#] Rfa1 is the strong threat.} Rd6 23. Rfa1 {[%emt 0:06:12][%cal Oa6c8] Black must now prevent Bc8!} Qc6 24. Qxc6 Rxc6 25. R4a2 d4 26. Bb5 Rd6 27. Ra7 {[%emt 0:00:41] Weighted Error Value: White=0.21 (precise) /Black=0.41.  Mistake:       	White=1     	Black=5      Inaccurate:     	White=1     	Black=2      OK:         	White=10    	Black=6      Best:        	---       	Black=1} 1-0

[Event "1st Festival Galdar 2024"]
[Site "?"]
[Date "2024.09.03"]
[Round "2.13"]
[White "Yankelevich, Lev"]
[Black "Ramirez Maillo, Cristian"]
[Result "1-0"]
[Annotator "TA"]
[ECO "C70"]
[WhiteElo "2420"]
[BlackElo "1995"]
[PlyCount "77"]
[EventDate "2024.09.02"]
[EventType "swiss"]
[SourceTitle "playchess.com"]
[Source "ChessBase"]
[SourceQuality "1"]
[TimeControl "5400+30"]

1. e4 e5 2. Nf3 Nc6 3. Bb5 a6 4. Ba4 f5 5. d4 exd4 6. e5 (6. exf5 Qe7+ 7. Kf1 Qe4 $11) 6... b5 7. Bb3 {[%emt 0:00:05][%cal Oe1g1] And now 0-0! would win.} Na5 8. Qxd4 {[%emt 0:00:07] White is better.} Bb7 9. Bd5 c6 10. Bxg8 Rxg8 11. Qd3 (11. Bg5 Qc7 $15) 11... g6 12. Bg5 Be7 {[%emt 0:01:14] Black is weak on the dark squares} 13. h4 d6 14. Nbd2 dxe5 (14... c5 $16) 15. Nxe5 (15. Qc3 $1 $18 {is the precise move to win.}) 15... Qxd3 $16 16. Nxd3 {[%emt 0:01:05] Excellent horsemanship.} O-O-O 17. O-O-O Rge8 18. Rhe1 Bxg5 19. hxg5 Kc7 20. Nc5 Bc8 {[%emt 0:00:00] Prevents Ne6+.} 21. Rh1 $1 $36 {[%emt 0:05:16][%cal Be1h1,Bh1h7,Bh7g7][%mdl 2080] White has strong initiative.} Kb6 (21... Re7 $16) 22. b4 $18 Nb7 23. Nxb7 (23. Rxh7 Nxc5 24. bxc5+ Kxc5 $11) 23... Bxb7 24. Rxh7 Rd4 25. c3 Rg4 (25... Rd3) 26. g3 (26. Nb3 $142 Bc8 27. Rd6) 26... Rxg5 $2 {[%emt 0:00:00] [#]} (26... Re2 $2 27. Nb3 Rge4 28. Nc5 $18) (26... Bc8 {is a better defense.} 27. a4 a5 (27... bxa4 $2 28. f3 $18) 28. bxa5+ Kxa5 29. Nb3+ Ka6) 27. a4 $1 Rh5 28. Rg7 Ka7 29. Nb3 (29. Rxg6 $6 Rh2 $16) 29... Kb8 30. Nc5 (30. Rxg6 bxa4 31. Nc5 Rh2) (30. a5 $18) 30... Bc8 $16 31. Rxg6 {[%emt 0:00:07] White has more active pieces.} Rh2 {[%emt 0:00:00] [#]} (31... bxa4 $16 {was called for.} 32. Kb2 (32. Rxc6 Re2 $16) (32. Nxa4 f4 $16) 32... a5 33. bxa5 f4 34. Rxc6 (34. Nxa4 fxg3 35. fxg3 Rxa5 $11) 34... fxg3) 32. Rd2 $1 $18 bxa4 33. Nxa4 Rh1+ 34. Kc2 f4 {[%emt 0:00:00] aiming for ...Bf5+.} 35. Rxc6 Bf5+ {[%emt 0:00:00] [#]} (35... Ra1 {might work better.}) 36. Kb3 $1 Rb1+ 37. Rb2 {[%emt 0:01:43] Black must now prevent Rxb1.} Rxb2+ 38. Nxb2 f3 $2 (38... Be6+ 39. Ka3 fxg3 40. fxg3 (40. Rxa6 gxf2 41. b5 f1=Q $19) 40... Bc8) 39. Rf6 {[%emt 0:00:18] Weighted Error Value: White=0.29 (precise) /Black=0.36.  Mistake:       	White=4     	Black=7      Inaccurate:     	---       	Black=1      OK:         	White=13    	Black=12     Best:        	White=1     	Black=3      Strong:       	White=2     	---} 1-0

[Event "1st Festival Galdar 2024"]
[Site "?"]
[Date "2024.09.03"]
[Round "2.14"]
[White "Camino Carrio, Nicanor"]
[Black "Fiorito, Francisco"]
[Result "0-1"]
[Annotator "TA"]
[ECO "B30"]
[WhiteElo "2008"]
[BlackElo "2416"]
[PlyCount "52"]
[EventDate "2024.09.02"]
[EventType "swiss"]
[SourceTitle "playchess.com"]
[Source "ChessBase"]
[SourceQuality "1"]
[TimeControl "5400+30"]

1. e4 c5 2. Nf3 Nc6 3. Bb5 Nf6 4. Nc3 Qc7 5. O-O Nd4 6. Re1 a6 7. Bf1 d6 8. h3 {[%emt 0:00:28] Inhibits Bg4.} g6 9. Nxd4 {[%emt 0:04:54] White is slightly better.} cxd4 10. Nd5 Nxd5 11. exd5 Bg7 12. d3 O-O 13. Bg5 e5 14. Qd2 (14. dxe6 $11 {is superior.} Bxe6 15. Bd2) 14... Qc5 15. c4 $1 dxc3 16. Qxc3 Qxd5 17. Be7 Re8 18. Qc7 Bf5 (18... Bf8 {looks sharper.} 19. Bxf8 Kxf8 20. d4 Qxd4 21. Bc4 d5) 19. Qxd6 Qxd6 20. Bxd6 Rad8 21. Bc7 Rd7 22. Bb6 Re6 $36 {[%emt 0:09:27][%mdl 2048] Black is on the roll. Black is more active.} (22... Bxd3 23. Bxd3 Rxd3 24. Rad1 Rxd1 25. Rxd1 $15) 23. Bc5 Rc6 24. d4 {[%emt 0:01:09] [#]} Be6 (24... exd4 $2 25. Re8+ $18) (24... h5 $1 $19 {and Black stays clearly on top.} 25. b3 exd4) 25. Rac1 (25. Rad1 $17 {was worth a try.}) 25... exd4 $19 ({And not} 25... Bxa2 26. Ra1 (26. dxe5 Rdc7 $17) 26... b6 (26... exd4 $2 27. Re8+ $18) (26... Be6 27. Bb5 $11) 27. Rxa2 $11) 26. Bd3 $2 (26. Bb4 {might work better.}) 26... Rdc7 {[%emt 0:00:55] Weighted Error Value: White=0.45/Black=0.16 (very precise) .  Loses game:     	White=1     	---        Mistake:       	White=3     	Black=1      Inaccurate:     	White=1     	Black=3      OK:         	White=4     	Black=8      Best:        	White=1     	Black=3      Strong:       	White=1     	---} (26... Bxa2 $2 {perishes.} 27. Re8+ $18) 0-1

[Event "1st Festival Galdar 2024"]
[Site "?"]
[Date "2024.09.03"]
[Round "2.15"]
[White "Sanchez Gonzalez, Diego"]
[Black "Fiorito, Joaquin"]
[Result "0-1"]
[Annotator "TA"]
[ECO "C45"]
[WhiteElo "1995"]
[BlackElo "2402"]
[PlyCount "64"]
[EventDate "2024.09.02"]
[EventType "swiss"]
[SourceTitle "playchess.com"]
[Source "ChessBase"]
[SourceQuality "1"]
[TimeControl "5400+30"]

1. e4 e5 2. Nf3 Nc6 3. d4 exd4 4. Nxd4 Qf6 5. Nb5 Bc5 6. Qe2 (6. Nxc7+ $2 Kd8 7. Be3 Bxe3 (7... Kxc7 8. Bxc5 Qxb2 9. Bd6+ Kd8 10. Nd2 $16) 8. fxe3 Kxc7 $19) 6... Kd8 7. N1c3 Nge7 {[%emt 0:03:05] [#] Hoping for ...a6.} 8. a4 ({White must play} 8. Na4 $1 $14 Bb4+ 9. Nbc3) 8... a6 $11 {[%emt 0:01:56] The position is equal.} 9. Na3 Nd4 10. Qd3 b5 11. Nd1 (11. Be3 $1 $11) 11... Bb7 $36 {[%emt 0:05:06][%mdl 2048] [#] ...Re8 is the strong threat. Black is in control. Black is much more active.} (11... bxa4 $6 12. Be3 $11) 12. Ne3 $2 (12. Be3 $17) 12... Re8 {[%emt 0:03:27] aiming for ...Ng6.} (12... bxa4 13. Nac4 $15) 13. Bd2 (13. axb5 {was worth a try.} axb5 14. c3) 13... b4 (13... bxa4 14. O-O-O $17) (13... Ng6 $142 14. Ng4 Qf5 (14... Rxe4+ 15. Qxe4 Bxe4 16. Nxf6 $14) (14... Qh4 $2 15. O-O-O $19)) 14. Nac4 (14. Qc4 $142 bxa3 15. Qxc5 axb2 (15... Bxe4 16. Rxa3 d6 17. Qc4 $17) 16. Rb1 Bxe4 17. Rxb2) 14... Ng6 $19 15. e5 Qh4 {[%emt 0:05:24][%cal Og6f4] And now ...Nf4! would win.} (15... Nxe5 16. Nxe5 Qxe5 (16... Rxe5 $2 17. O-O-O $17) 17. O-O-O $17) 16. Na5 Bf3 ({And not} 16... Nxe5 17. Nxb7+ Kc8 18. Nxc5 $11) (16... Be4 17. Qc4 d6 (17... Rxe5 18. O-O-O $15) 18. exd6 Nxc2+ 19. Kd1 Nxe3+ (19... Nxa1 $2 {perishes.} 20. Qxc5 Rc8 21. Bxa6 $18) (19... Bxd6 20. Nxc2 Qh5+ 21. f3 $17) 20. fxe3 cxd6 (20... Bxd6 $2 21. Be2 $19) 21. Be2 $19) 17. gxf3 {[%emt 0:15:35] Strongly threatening 0-0-0.} Nxe5 18. Nb7+ (18. O-O-O $142 Nxd3+ 19. Bxd3) 18... Kc8 19. Nxc5 Nxd3+ 20. Nxd3 Nxc2+ 21. Kd1 Nxa1 22. Bxb4 Rb8 23. Bc3 Qxa4+ 24. Kd2 Nb3+ 25. Ke1 Qa1+ 26. Ke2 Nc1+ 27. Nxc1 Qxc1 28. Bg2 Rxb2+ 29. Bxb2 Qxb2+ 30. Kf1 a5 {[%emt 0:00:22] ...a4 would now be deadly.} 31. Bh3 a4 {[%emt 0:00:09][%cal Oe8e3] ( -> ...Rxe3!)} 32. Kg2 Rxe3 {[%emt 0:00:05] White got outplayed after the opening.   Weighted Error Value: White=1.39/Black=0.12 (very precise) .  Loses game:     	White=1     	---        Mistake:       	White=5     	Black=1      Inaccurate:     	White=1     	---        OK:         	White=5     	Black=4      Best:        	---       	Black=5} 0-1

[Event "1st Festival Galdar 2024"]
[Site "?"]
[Date "2024.09.03"]
[Round "2.16"]
[White "Balaji, Aaravamudhan"]
[Black "Guerrero Orihuela, Jose Luis"]
[Result "1-0"]
[Annotator "TA"]
[ECO "D34"]
[WhiteElo "2396"]
[BlackElo "1992"]
[PlyCount "75"]
[EventDate "2024.09.02"]
[EventType "swiss"]
[SourceTitle "playchess.com"]
[Source "ChessBase"]
[SourceQuality "1"]
[TimeControl "5400+30"]

1. d4 d5 2. c4 e6 3. Nc3 c5 4. cxd5 exd5 5. Nf3 Nc6 6. g3 Nf6 7. Bg2 Be7 8. O-O O-O 9. Bg5 c4 10. Ne5 Be6 11. Nxc6 bxc6 12. b3 cxb3 13. axb3 h6 14. Bf4 Bd6 15. Be5 Bxe5 {[%emt 0:06:50] The position is equal.} 16. dxe5 Ng4 17. Qd4 {[%emt 0:01:36][%cal Oh2h3] Threatening h3!} Qc7 18. f4 {[%emt 0:05:07] [#] h3 would now be deadly.} (18. h3 $5 Nxe5 19. f4 $14) 18... Qb6 19. Qxb6 axb6 20. Rfc1 Rxa1 21. Rxa1 d4 ({Black should try} 21... Ne3 $11) 22. Na4 $14 c5 23. Nxb6 Bxb3 {[%emt 0:00:57] Black is on the road to losing.} (23... Ne3 $14) 24. Nd7 $18 Rd8 25. Nxc5 Bc4 26. Bf3 Ne3 27. Nb7 Rb8 28. Nd6 Ba6 (28... Be6 $142 29. Be4 Bg4) 29. Kf2 (29. Rxa6 $2 Rb1+ 30. Kf2 Rf1#) 29... Bc8 30. Nxc8 Rxc8 {[%emt 0:00:07][%mdl 4096] Endgame. KRB-KRN} 31. Be4 g5 (31... f6 $142 32. exf6 gxf6) 32. Ra4 Rd8 33. Ra6 Rc8 (33... f6 $142 34. e6 (34. exf6 gxf4 35. Bf3 Kh7 $18) 34... Rc8) 34. Rd6 (34. Rxh6 $2 Rc1 (34... Ng4+ 35. Kf3 $14) 35. Bg2 (35. Bh7+ $2 Kg7 $19) 35... Ng4+ 36. Kf3 Nxh6 $19) 34... Rc4 35. Bd3 (35. Rxh6 $2 {is the wrong capture.} Rc1 (35... Ng4+ 36. Kf3 $14) 36. Bg2 (36. Bh7+ $2 Kg7 $19) 36... Ng4+ 37. Kf3 Nxh6 $19) 35... Rb4 36. Kf3 {[%emt 0:01:15] White is clearly winning.} (36. Rxh6 Ng4+ 37. Kf3 Nxh6 $14) 36... g4+ 37. Ke4 Nf1 38. Rxh6 {[%emt 0:00:47] Weighted Error Value: White=0.14 (very precise) /Black=0.42.  Mistake:       	---       	Black=5      Inaccurate:     	White=4     	Black=6      OK:         	White=10    	Black=5      Best:        	White=3     	Black=1} ({Not} 38. Rxd4 Rxd4+ 39. Kxd4 Nxh2 $16) 1-0

[Event "1st Festival Galdar 2024"]
[Site "?"]
[Date "2024.09.03"]
[Round "2.17"]
[White "Ramirez Maillo, Juan Adonay"]
[Black "Suarez Uriel, Adrian"]
[Result "0-1"]
[Annotator "TA"]
[ECO "B22"]
[WhiteElo "1965"]
[BlackElo "2383"]
[PlyCount "40"]
[EventDate "2024.09.02"]
[EventType "swiss"]
[SourceTitle "playchess.com"]
[Source "ChessBase"]
[SourceQuality "1"]
[TimeControl "5400+30"]

1. e4 c5 2. c3 d5 3. exd5 Nf6 4. d4 Nxd5 5. Nf3 e6 6. Be2 Be7 7. O-O O-O 8. c4 Nf6 9. Nc3 cxd4 10. Nxd4 e5 {[%emt 0:00:21] Inhibits Bf4.} 11. Ndb5 Nc6 12. Nd5 a6 {[%emt 0:01:36] The position is equal.} 13. Nbc3 Nxd5 14. Nxd5 Bc5 15. a3 Be6 16. Be3 Nd4 17. b4 Ba7 {[%emt 0:00:40] White must now prevent ...b5.} 18. Nc3 $1 Qh4 19. Rb1 $2 {[%emt 0:00:00] [#]} (19. c5 $1 $15) 19... Nxe2+ $19 20. Qxe2 $2 (20. Nxe2 {was the only defense.} Bxe3 (20... Qxc4 21. Bxa7 Rfd8 22. Qe1 $15) 21. fxe3) 20... Bxc4 {[%emt 1:25:59] Black took control after the opening.   Weighted Error Value: White=0.49/Black=0.04 (flawless) .  Loses game:     	White=1     	---        Mistake:       	White=1     	---        Inaccurate:     	White=2     	---        OK:         	White=4     	Black=6      Best:        	---       	Black=1      Strong:       	White=1     	---} ({Less strong is} 20... Qxc4 21. Bxa7 Qxc3 22. Rfc1 Qxa3 23. Bc5 $17) 0-1

[Event "1st Festival Galdar 2024"]
[Site "?"]
[Date "2024.09.03"]
[Round "2.18"]
[White "Del Rio De Angelis, Salvador G."]
[Black "Blanco Garcia Bajo, David"]
[Result "1-0"]
[Annotator "TA"]
[ECO "E44"]
[WhiteElo "2376"]
[BlackElo "1969"]
[PlyCount "61"]
[EventDate "2024.09.02"]
[EventType "swiss"]
[SourceTitle "playchess.com"]
[Source "ChessBase"]
[SourceQuality "1"]
[TimeControl "5400+30"]

1. d4 e6 2. c4 Nf6 3. Nc3 Bb4 4. e3 b6 5. Nge2 Bb7 6. a3 Bxc3+ 7. Nxc3 c5 8. d5 exd5 9. cxd5 O-O 10. Be2 Re8 11. O-O d6 12. f3 a6 13. a4 Nbd7 14. e4 {[%emt 0:00:27] White is better.} Ne5 15. g4 Bc8 16. g5 Nfd7 17. f4 Ng6 18. Qe1 $36 {[%emt 0:00:13][%mdl 2048] White is really pushing.} f6 {[%emt 0:03:01] [#]} (18... c4 $16 {was called for.}) 19. h4 $1 $18 ({Much less strong is} 19. f5 Nge5 $16) 19... Ndf8 (19... c4 $142 20. Bxc4 (20. h5 Nh8 $18) 20... fxg5) 20. h5 Nh8 21. gxf6 Qxf6 22. Qg3 {[%emt 0:02:23][%cal Oe4e5] Wards off Bh3. Hoping for e5!} Nf7 23. Be3 ({White should play} 23. Kh1 $18) 23... Bd7 (23... Nd7 $16 {was worth a try.} 24. Rf2 Kh8) 24. Rad1 b5 25. e5 (25. Bd2 $18) 25... dxe5 $16 26. Ne4 {[%emt 0:00:35] White is more active.} Qd8 {[%emt 0:04:17][%mdl 8192] Loses the game.} (26... Qf5 $16) 27. fxe5 $18 Rxe5 {[%emt 0:00:14] [#]} 28. Rxf7 $1 Ng6 (28... Kxf7 29. Qxe5) 29. hxg6 {[%emt 0:00:39] White mates.} Rxe4 30. gxh7+ Kxf7 31. Bh5+ {[%emt 0:00:07] Weighted Error Value: White=0.17 (very precise) /Black=0.49.  Loses game:     	---       	Black=1      Mistake:       	White=2     	Black=3      Inaccurate:     	White=1     	Black=2      OK:         	White=8     	Black=5      Best:        	White=1     	Black=1} 1-0

[Event "1st Festival Galdar 2024"]
[Site "?"]
[Date "2024.09.03"]
[Round "2.19"]
[White "Crespo Ruiz, Manuel Maria"]
[Black "Barlov, Dragan"]
[Result "0-1"]
[Annotator "TA"]
[ECO "B07"]
[WhiteElo "1963"]
[BlackElo "2375"]
[PlyCount "107"]
[EventDate "2024.09.02"]
[EventType "swiss"]
[SourceTitle "playchess.com"]
[Source "ChessBase"]
[SourceQuality "1"]
[TimeControl "5400+30"]

1. d4 d6 2. e4 Nf6 3. Nc3 c6 4. Bd3 e5 5. Nf3 Nbd7 6. O-O Be7 7. Ne2 O-O 8. Ng3 {[%emt 0:01:29] White has an edge.} Re8 9. c3 Bf8 10. Re1 g6 11. h3 Bg7 12. Qc2 b6 13. b3 Bb7 14. Bb2 Qc7 15. Rad1 Nf8 16. dxe5 dxe5 17. c4 (17. a4 $11) 17... N6d7 $15 18. b4 Ne6 19. Nf1 c5 20. Ne3 cxb4 21. Nd5 Bxd5 22. exd5 Nec5 23. Bf1 Qd6 24. g3 (24. g4 $17) 24... a5 25. Bg2 Rac8 {[%emt 0:01:09][%cal Ob6b5] Hoping for ...b5!} 26. Qd2 (26. Ng5 $17 {is a better defense.}) 26... Na4 $19 {[%emt 0:01:38][%cal Oa4b2] A dynamic duo of knights.} 27. Ng5 Nxb2 (27... Rxc4 28. Ne4 Rxe4 29. Rxe4 $17) 28. Ne4 Qb8 (28... Nxc4 29. Nxd6 Nxd6 (29... Nxd2 30. Rxd2 f5 31. Nxc8 $15) 30. h4 $11) 29. Qxb2 h6 ({Much less strong is} 29... Rxc4 30. d6 $17) ({Better is} 29... f5 $1 $19 30. Ng5 e4 (30... Rxc4 31. d6 $15)) 30. Qe2 {[%emt 0:03:32] White does not recover from this.} (30. g4 $17 {was worth a try.}) 30... f5 31. Nd2 e4 32. g4 {[%emt 0:14:29] White is weak on the dark squares} Nc5 33. gxf5 gxf5 34. Qh5 Rf8 35. Nf1 Nd3 36. Re3 Qf4 37. Rdxd3 exd3 38. Rxd3 Rxc4 ({Resist} 38... Qxc4 39. Qe2 $19) 39. Rg3 Qd6 40. Qe2 Rc7 41. Re3 Qg6 42. Rg3 Qf6 43. Nd2 Re7 44. Qh5 Qa1+ 45. Nf1 Qe5 46. Re3 Qd6 47. Rg3 f4 48. Rd3 (48. Rg6 {is the only way for White.} Rf6 49. Rxf6 Qxf6 50. Qd1) 48... Rc8 {[%emt 0:01:59] [#] Strongly threatening ...Rc3.} 49. Bf3 (49. Rd1 $142) 49... Re5 50. Qh4 Rc1 {[%emt 0:00:27] ( -> ...Qg6+)} 51. Bg2 Rg5 {[%emt 0:00:13] Threatens to win with ...Qg6.} 52. Rf3 Qxd5 53. Kh2 {[%emt 0:00:31] [#]} Rxf1 $1 54. Rg3 {[%emt 0:00:30] Weighted Error Value: White=0.71/Black=0.27 (precise) .  Mistake:       	White=6     	Black=1      Inaccurate:     	White=7     	Black=4      OK:         	White=5     	Black=17     Best:        	---       	Black=3} (54. Qxf4 Be5) 0-1

[Event "1st Festival Galdar 2024"]
[Site "?"]
[Date "2024.09.03"]
[Round "2.20"]
[White "Ladron De Guevara Pinto, Paolo"]
[Black "Betancourt Echazabal, Antonio"]
[Result "1-0"]
[Annotator "RC"]
[ECO "B33"]
[WhiteElo "2371"]
[BlackElo "1927"]
[PlyCount "85"]
[EventDate "2024.09.02"]
[EventType "swiss"]
[SourceTitle "playchess.com"]
[Source "ChessBase"]
[SourceQuality "1"]
[TimeControl "5400+30"]

1. e4 c5 2. Nf3 Nc6 3. d4 cxd4 4. Nxd4 Nf6 5. Nc3 d6 6. Nb3 e5 7. Bg5 Be7 8. Bxf6 Bxf6 9. Nd5 Bg5 10. a4 a5 11. Nd2 Be6 12. Nc4 Nd4 13. Ncb6 Bxd5 14. Nxd5 O-O 15. c3 Ne6 16. h4 Bh6 17. g3 Nc5 18. Bg2 Nd7 19. Qb3 Nf6 20. Rd1 Nxd5 21. Rxd5 Qc7 22. O-O Rfd8 23. Rfd1 g6 24. Bf1 Bf8 25. Rb5 Rab8 26. Bc4 b6 27. Rd3 Kg7 28. Bd5 Be7 29. Bxf7 Bxh4 30. Be6 Bg5 31. Qd1 h5 32. f4 exf4 33. Rxg5 Qe7 34. gxf4 Qxe6 35. f5 Qxe4 36. Qxh5 Qxf5 37. Rdg3 Qb1+ 38. Kh2 Qc2+ 39. Rg2 Rh8 40. Rxg6+ Qxg6 41. Rxg6+ Kf7 42. Rh6+ Kg7 43. Qg6+ 1-0